 Dungeon Crawl Stone Soup version 0.27-a0-421-g7ddf969dea (webtiles) character file.

Game seed: 1083417548735917373

455 Anon1729 the Skirmisher (level 6, -4/51 HPs)
             Began as a Demonspawn Monk on Feb 26, 2021.
             Killed from afar by Dowan (21 damage)
             ... with a shard of ice
             ... on level 4 of the Dungeon.
             The game lasted 00:03:16 (4277 turns).

Anon1729 the Skirmisher (Demonspawn Monk)           Turns: 4277, Time: 00:03:17

Health: -4/51      AC:  5    Str: 11    XL:     6   Next: 76%
Magic:  6/6        EV: 14    Int: 12    God:
Gold:   193        SH:  0    Dex: 17    Spells: 5/5 levels left

rFire    . . .     SeeInvis .   o - +4 quarterstaff (chaos)
rCold    . . .     Faith    .   (shield currently unavailable)
rNeg     . . .     Spirit   .   b - +0 robe
rPois    .         Reflect  .   (no helmet)
rElec    .         Harm     .   p - +0 cloak
rCorr    .         Rampage  .   (no gloves)
Will     .....                  (no boots)
Stlth    ++........             (no amulet)
HPRegen  0.17/turn              (no ring)
MPRegen  0.10/turn              (no ring)

@: no status effects
A: hooves 2, rugged brown scales 2, ignite blood 1
a: no special abilities


You were on level 4 of the Dungeon.
You visited 1 branch of the dungeon, and saw 4 of its levels.

You collected 193 gold pieces.

Inventory:

Hand Weapons
 a - a +0 short sword
 o - a +4 quarterstaff of chaos (weapon)
Armour
 b - a +0 robe (worn)
 p - a +0 cloak (worn)
Jewellery
 q - a ring of ice
Scrolls
 f - 5 scrolls of identify {unknown}
 g - a scroll of fear {unknown}
 j - 3 scrolls of enchant weapon {unknown}
 k - 2 scrolls of magic mapping {unknown}
 l - 2 scrolls of amnesia {unknown}
 r - a scroll of teleportation {unknown}
 s - a scroll of random uselessness {unknown}
 u - a scroll of enchant armour {unknown}
Potions
 c - a potion of degeneration {unknown}
 d - a potion of ambrosia {unknown}
 e - 3 potions of invisibility {unknown}
 h - a potion of might {unknown}
 i - 3 potions of curing {unknown}
 m - a potion of brilliance {unknown}
 n - a potion of lignification {unknown}
 t - a potion of heal wounds {unknown}


   Skills:
 + Level 4.5 Fighting
 + Level 4.3 Short Blades
 + Level 4.3 Dodging
 + Level 3.6 Stealth


You had 5 spell levels left.
You didn't know any spells.
Your spell library was empty.

Dungeon Overview and Level Annotations

Branches:
Dungeon (4/15)
 Temple: D:4-7

Altars:
Nemelex Xobeh

Annotations:
D:4 Dowan


Innate Abilities, Weirdness & Mutations

You have hoof-like feet.
You are mostly covered in rugged brown scales. (AC +2, +5% HP)
Your demonic aura sometimes causes spilled blood to erupt in flames


Message History

Duvessa is lightly wounded.
Duvessa is engulfed in blazing flames.
Duvessa hits you with a +0 rapier.
You hit Duvessa.
Duvessa is heavily wounded.
Duvessa is engulfed in blazing flames.
Duvessa hits you with a +0 rapier! Dowan casts a spell at you.
The puff of frost hits you.
Duvessa is engulfed in blazing flames.
Duvessa hits you with a +0 rapier!
You are too injured to fight recklessly!
You are too injured to fight recklessly!
You are too injured to fight recklessly!
You are too injured to fight recklessly!
You are too injured to fight recklessly!
You are too injured to fight recklessly!
You are too injured to fight recklessly!
You are too injured to fight recklessly!
You are too injured to fight recklessly!
You are too injured to fight recklessly!
You are too injured to fight recklessly!
You are too injured to fight recklessly!
You are too injured to fight recklessly!
You are too injured to fight recklessly!
You are too injured to fight recklessly!
You are too injured to fight recklessly!
You are too injured to fight recklessly!
Unknown command.
You are too injured to fight recklessly!
Unknown command.
You sock Duvessa!
You kill Duvessa!
Dowan screams, "No!
Oh no!"
Dowan seems to find hidden reserves of power!
Your life force feels restored.
You sock Dowan! You burn Dowan. You kick Dowan.
Dowan is heavily wounded.
Dowan is engulfed in blazing flames.
Dowan closely misses you.
Dowan is engulfed in blazing flames.
Dowan casts a spell at you. The shard of ice hits you!!
You die...

##################
#...................
####...................
.......................
)..........[...........
.....#...)[...#......
...#........#......
#°#☼..............
#@e.....##........
#.......##........
+...÷.............
#.................
....................
..#########.....#.... .
. #.....+...! ...
#.#e..#..#.
.....#.#.$.##.#.


You could see Dowan (fast).

Vanquished Creatures
  Sigmund (D:3)
  Duvessa (D:4)
  Crazy Yiuf (D:2)
  An orc wizard (D:4)
  A worker ant (D:4)
  5 adders
  An ooze (D:1)
  A dart slug (D:2)
  2 leopard geckos (D:1)
  2 orcs (D:4)
  13 bats
  4 giant cockroaches
  7 hobgoblins
  2 jackals (D:1)
  2 frilled lizards
  5 goblins
  7 kobolds
  4 rats
60 creatures vanquished.

Notes
Turn   | Place    | Note
-------+----------+-------------------------------------------
     0 | D:1      | Anon1729 the Demonspawn Monk began the quest for the Orb.
     0 | D:1      | Reached XP level 1. HP: 18/18 MP: 1/1
   529 | D:1      | Gained mutation: Your demonic aura sometimes causes spilled
                  | blood to erupt in flames [demonic ancestry]
   529 | D:1      | Reached XP level 2. HP: 24/24 MP: 2/2
   677 | D:1      | Gained mutation: You are partially covered in rugged brown
                  | scales. (AC +1, +3% HP) [demonic ancestry]
   677 | D:1      | Reached XP level 3. HP: 4/29 MP: 3/3
   695 | D:1      | HP: 1/29 [hobgoblin/+0 club (5)]
  2304 | D:2      | Found a runed translucent door.
  2305 | D:2      | Noticed Crazy Yiuf
  2499 | D:2      | Gained mutation: You have large cloven feet. [demonic
                  | ancestry]
  2499 | D:2      | Reached XP level 4. HP: 35/36 MP: 4/4
  2704 | D:2      | Killed Crazy Yiuf
  3325 | D:3      | Found a sparkling altar of Nemelex Xobeh.
  3348 | D:3      | Noticed Sigmund
  3360 | D:3      | Killed Sigmund
  3361 | D:3      | Gained mutation: You have hoof-like feet. [demonic
                  | ancestry]
  3361 | D:3      | Reached XP level 5. HP: 9/43 MP: 5/5
  3361 | D:3      | Gained mutation: You are mostly covered in rugged brown
                  | scales. (AC +2, +5% HP) [demonic ancestry]
  3361 | D:3      | Reached XP level 6. HP: 9/50 MP: 6/6
  3759 | D:3      | Found a faded altar of an unknown god.
  3871 | D:3      | Became a worshipper of Nemelex Xobeh the Trickster
  3871 | D:3      | Reached * piety under Nemelex Xobeh
  3871 | D:3      | Received a gift from Nemelex Xobeh
  3871 | D:3      | Reached ** piety under Nemelex Xobeh
  3871 | D:3      | Received a gift from Nemelex Xobeh
  3872 | D:3      | Fell from the grace of Nemelex Xobeh
  4010 | D:4      | Noticed Dowan
  4013 | D:4      | Noticed Duvessa
  4276 | D:4      | Killed Duvessa
  4277 | D:4      | Killed from afar by Dowan

Illustrated notes

Levels and vault maps discovered:
D:1:      psy_arrival_heroes, layout_loops_ring, minmay_hexomino_u4
D:2:      layout_loops_ring, kennysheep_generic_room_2, uniq_crazy_yiuf_cottage
D:3:      layout_basic, chequers_ecumenical_altar_grove,
          nemelex_spade_bored_becter, uniq_sigmund
D:4:      layout_basic, kennysheep_generic_room_9, uniq_duvessa

Skill      XL: |  1  2  3  4 |
---------------+-------------+-----
Dodging        | 3 4 |  4.3
Stealth        | 2 3 |  3.6
Short Blades   | 3 4 |  4.3
Fighting       | 4 |  4.5

Action                   |  1- 3 |  4- 6 || total
-------------------------+-------+-------++-------
Melee: Short sword       |   147 |    50 ||   197
       Kick              |       |    21 ||    21
       Quarterstaff      |       |    27 ||    27
Invok: Renounce Religion |       |     1 ||     1
 Stab: Sleeping          |     5 |     3 ||     8
Armor: Robe              |    36 |    19 ||    55
Dodge: Dodged            |   127 |    44 ||   171

Table legend: (Time is in decaauts)
 A = Elapsed time spent in this place.
 B = Non-inter-level travel time spent in this place.
 C = Inter-level travel time spent in this place.
 D = Time resting spent in this place.
 E = Time spent auto-exploring this place.
 F = Levels seen in this place.
 G = Mean time per level.
                   A        B        C        D        E       F      G
               +--------+--------+--------+--------+--------+-----+--------+
         Total |   4275 |   4109 |    166 |   1014 |   2614 |   4 | 1068.8 |
       Dungeon |   4275 |   4109 |    166 |   1014 |   2614 |   4 | 1068.8 |
               +--------+--------+--------+--------+--------+-----+--------+

Top non-repeatable levels by time:
     D:1: 1571 daAuts
     D:2: 1428 daAuts
     D:3: 1135 daAuts
     D:4: 139 daAuts
